 Dungeon Crawl Stone Soup version 0.20.1-1-g8b1a95d66d (webtiles) character file.

32557 HessuHobo the Severer (level 13, 0/117 HPs)
             Began as a Minotaur Berserker on Nov 17, 2017.
             Was a High Priest of Trog.
             Killed from afar by a wizard (38 damage)
             ... with a bolt of cold
             ... on level 14 of the Dungeon.
             The game lasted 00:32:06 (11822 turns).

HessuHobo the Severer (Minotaur Berserker)         Turns: 11822, Time: 00:32:07

Health: 0/117      AC: 25    Str: 27    XL:     13   Next: 32%
Magic:  12/12      EV:  9    Int:  9    God:    Trog [*****.]
Gold:   748        SH:  0    Dex: 10    Spells: 12/12 levels left

rFire    . . .     SeeInvis .   F - +5 executioner's axe (chop)
rCold    . . .     Gourm    .   (shield currently unavailable)
rNeg     . . .     Faith    .   A - +0 plate armour
rPois    .         Spirit   .   (helmet restricted)
rElec    .         Reflect  .   s - +2 cloak {MR+}
rCorr    .         Harm     .   G - +1 pair of gloves
MR       +....     Rnd*Tele +   (no boots)
Stlth    ..........             (no amulet)
Regen    0.3/turn               l - +6 ring of slaying
MPRegen  0.2/turn               B - ring "Kaxohem" {*Tele Int+3}

@: no status effects
A: retaliatory headbutt, horns 2, yellow scales 1, clever 1, teleportitis 1
a: Berserk, Trog's Hand, Brothers in Arms, Burn Spellbooks, Renounce Religion


You were on level 14 of the Dungeon.
You worshipped Trog.
Trog was extremely pleased with you.
You were very full.

You visited 1 branch of the dungeon, and saw 14 of its levels.

You collected 873 gold pieces.
You spent 125 gold pieces at shops.

Inventory:

Hand Weapons
 i - a +4 antimagic battleaxe
 F - a +5 executioner's axe of chopping (weapon)
 N - a +3 hand axe
Armour
 s - a +2 cloak of magic resistance (worn)
 v - the +0 ring mail of the Empire {MP+9 Int+3 Dex+2}
   (You found it on level 14 of the Dungeon)

   It affects your intelligence (+3).
   It affects your dexterity (+2).
   It affects your magic capacity (+9).
 A - a +0 plate armour (worn)
 G - a +1 pair of gloves (worn)
Jewellery
 l - a +6 ring of slaying (left hand)
 p - an uncursed amulet of rage
 B - the ring "Kaxohem" (right hand) {*Tele Int+3}
   (You found it on level 10 of the Dungeon)

   [ring of teleportation]

   It may teleport you next to monsters.
   It affects your intelligence (+3).
 I - a +4 ring of intelligence
 M - an uncursed ring of fire
Wands
 a - a wand of disintegration (20/24)
Scrolls
 f - 6 scrolls of teleportation
 j - 3 scrolls of magic mapping
 k - a scroll of enchant armour
 r - a scroll of fear
 w - 2 scrolls of remove curse
 y - a scroll of recharging
Potions
 b - 2 potions of invisibility
 c - a potion of brilliance {unknown}
 d - a potion of might
 e - 2 potions of flight
 m - 2 potions of agility {unknown}
 n - 2 potions of lignification {unknown}
 o - a potion of magic {unknown}
 q - 4 potions of curing
 t - a potion of degeneration {unknown}
 D - a potion of haste {unknown}
 H - a potion of ambrosia {unknown}
 K - 2 potions of cancellation
Comestibles
 g - 5 meat rations
 h - 9 fruits
 x - 4 royal jellies
 O - 4 bread rations


   Skills:
 + Level 11.8 Fighting
 + Level 18.2 Axes
 * Level 15.2 Armour
 - Level 2.1 Dodging
 + Level 0.1 Evocations


You had 12 spell levels left.
You didn't know any spells.

Dungeon Overview and Level Annotations

Branches:
Dungeon (14/15)            Temple (0/1) D:5            Lair (0/6) D:10
    Orc (0/2) D:9
 Vaults: D:13-14

Altars:
Dithmenos
Gozag
Ru
Lugonu

Shops:
D:4 }   D:5 ?


Innate Abilities, Weirdness & Mutations

You reflexively headbutt those who attack you in melee.
You have a pair of horns on your head.
You are partially covered in yellow scales. (AC +2)
Your mind is acute. (Int +2)
You are occasionally teleported next to monsters.


Message History

You kill the shadow imp!
Trog accepts your kill.
The wizard drinks a potion.
The wizard is healed!
The wizard casts a spell at you. The bolt of cold hits you!
* * * LOW HITPOINT WARNING * * *
The human hits you but does no damage.
You slash the wizard! You headbutt the wizard!
The wizard is almost dead.
You barely miss the human.
The wizard's eyes start to glow.
The wizard gestures at you while chanting.
The bolt of cold hits you!
* * * LOW HITPOINT WARNING * * *
The human hits you.
* * * LOW HITPOINT WARNING * * *
You feel much better. The wizard casts a spell at you.
The bolt of cold hits you!
You die...

..............#.††..#...:/#.#....
..............##†''########.#.[..
............................#....
...#######............#######....
.((# #.......................
...# #.<.........#+#######...
...# #...........# #... ...#
#....)pp....# #... ##.#
#......@....# #... #.#
#...|$......#########... #.#
#..))................... #.#
#..((########.#######...
#..(.#......#+#.....#... #
#(...#............###... #.
#....#..†.........'.....
...##'##...##............#.....
.......(...#..........####.....


You could see a wizard and a human.

Vanquished Creatures
  Nessos (D:13)
  Erolcha (D:11)
  A vault guard (D:14)
  A hydra (D:12)
  An ogre mage (D:10)
  A death knight (D:12)
  2 centaur warriors
  2 two-headed ogres
  The ghost of timpakay the Slicer, a novice OpSk of Dithmenos (D:8)
  An unseen horror (D:14)
  2 skeletal warriors (D:12)
  2 wizards (D:14)
  4 ugly things
  A wolf spider zombie (D:13)
  2 manticores
  4 cyclopes
  A black mamba (shapeshifter) (D:14)
  Joseph (D:9)
  A gargoyle (D:10)
  3 kobold demonologists (D:12)
  A freezing wraith (D:14)
  3 trolls
  2 hippogriffs
  A shadow (D:12)
  2 wyverns (D:9)
  20 yaks
  16 humans (D:14)
  4 wraiths
  2 steam dragons
  Menkaure (D:4)
  2 hungry ghosts
  Edmund (D:6)
  An acid dragon (D:14)
  6 ice beasts
  4 sky beasts
  2 eyes of draining
  7 orc warriors
  2 black bears
  A phantom (D:9)
  A necrophage (D:11)
  5 ogres
  7 centaurs
  A crocodile (D:11)
  Blork the orc (D:4)
  The ghost of Chudej the Magician, an amateur DECj (D:3)
  4 big kobolds
  9 bullfrogs
  A gnoll sergeant (D:10)
  A wyvern zombie (D:12)
  2 scorpions
  5 howler monkeys
  6 wights
  10 crimson imps
  4 centaur zombies
  5 jellies
  14 hounds
  10 orc wizards
  10 orc priests
  Crazy Yiuf (D:5)
  3 bullfrog skeletons
  5 iguanas
  3 worker ants
  A hound zombie (D:10)
  A hound skeleton (D:4)
  2 howler monkey zombies
  10 adders
  12 gnolls
  5 shadow imps
  An ooze (D:1)
  2 adder zombies
  An adder skeleton (D:5)
  2 worms
  3 dart slugs
  3 leopard geckos
  54 orcs
  9 ball pythons
  7 bats
  3 giant cockroaches
  5 goblins
  6 hobgoblins
  9 jackals
  5 quokkas
  7 frilled lizards
  27 kobolds
  A leopard gecko zombie (D:7)
  A quokka skeleton (D:8)
  9 rats
  A demonic plant (D:12)
  A plant (D:12)
408 creatures vanquished.

Vanquished Creatures (collateral kills)
  4 ugly things (D:14)
  An orc warrior (D:14)
  2 centaurs (D:14)
7 creatures vanquished.

Grand Total: 415 creatures vanquished

Notes
Turn   | Place    | Note
-------+----------+-------------------------------------------
     0 | D:1      | HessuHobo the Minotaur Berserker began the quest for the Orb.
     0 | D:1      | Reached XP level 1. HP: 19/19 MP: 0/0
   176 | D:1      | Reached XP level 2. HP: 27/27 MP: 1/1
   177 | D:1      | Reached skill level 4 in Axes
   327 | D:1      | Reached ** piety under Trog
   327 | D:1      | Reached XP level 3. HP: 31/33 MP: 2/2
   915 | D:2      | Reached XP level 4. HP: 41/41 MP: 3/3
  1493 | D:3      | Reached skill level 5 in Axes
  1549 | D:3      | Noticed Chudej's ghost (amateur DECj)
  1552 | D:3      | Killed Chudej's ghost
  1552 | D:3      | Reached skill level 5 in Fighting
  1552 | D:3      | Reached XP level 5. HP: 48/48 MP: 4/4
  1660 | D:3      | Reached *** piety under Trog
  1760 | D:3      | Reached skill level 6 in Axes
  1760 | D:3      | Reached XP level 6. HP: 25/56 MP: 5/5
  2605 | D:4      | Reached skill level 5 in Armour
  2699 | D:4      | Noticed Blork the orc
  2709 | D:4      | Killed Blork the orc
  2709 | D:4      | Reached skill level 7 in Axes
  2709 | D:4      | Reached XP level 7. HP: 44/61 MP: 6/6
  2719 | D:4      | Reached **** piety under Trog
  3034 | D:4      | Noticed Menkaure
  3037 | D:4      | Killed Menkaure
  3281 | D:4      | Found Imatsir's Gadget Boutique.
  3321 | D:4      | Found a shadowy altar of Dithmenos.
  3593 | D:5      | Entered Level 5 of the Dungeon
  3609 | D:5      | Found Jeommia's Magic Scroll Shop.
  3620 | D:5      | Reached skill level 8 in Axes
  3661 | D:5      | Found a sacrificial altar of Ru.
  3771 | D:5      | Reached XP level 8. HP: 66/70 MP: 7/7
  4269 | D:5      | Found a runed door.
  4273 | D:5      | Noticed Crazy Yiuf
  4278 | D:5      | Killed Crazy Yiuf
  4579 | D:5      | Found a staircase to the Ecumenical Temple.
  4631 | D:5      | Reached skill level 9 in Axes
  4831 | D:6      | Noticed Edmund
  4840 | D:6      | Killed Edmund
  5060 | D:6      | Reached skill level 10 in Axes
  5060 | D:6      | Reached XP level 9. HP: 78/79 MP: 8/8
  5573 | D:7      | Noticed a cyclops
  5581 | D:7      | Killed a cyclops
  5581 | D:7      | Reached ***** piety under Trog
  5931 | D:8      | Reached skill level 10 in Armour
  6081 | D:8      | Noticed a two-headed ogre
  6087 | D:8      | Killed a two-headed ogre
  6087 | D:8      | Reached skill level 11 in Axes
  6251 | D:8      | Noticed timpakay's ghost (novice OpSk)
  6256 | D:8      | Reached XP level 10. HP: 75/88 MP: 9/9
  6277 | D:8      | Killed timpakay's ghost
  6542 | D:9      | Received a gift from Trog
  6608 | D:9      | Reached skill level 12 in Axes
  6694 | D:9      | Noticed Joseph
  6701 | D:9      | Killed Joseph
  6736 | D:9      | Found a staircase to the Orcish Mines.
  7364 | D:9      | Gained mutation: Your flesh is heat resistant. (rF+) [potion of mutation]
  7364 | D:9      | Gained mutation: Your mind is acute. (Int +2) [potion of mutation]
  7364 | D:9      | Gained mutation: You are occasionally teleported next to monsters. [potion of mutation]
  7364 | D:9      | Gained mutation: You passively map a small area around you. [potion of mutation]
  7365 | D:9      | Lost mutation: Your mind is acute. (Int +2) [potion of mutation]
  7365 | D:9      | Lost mutation: You passively map a small area around you. [potion of mutation]
  7365 | D:9      | Gained mutation: You are agile. (Dex +2) [potion of mutation]
  7365 | D:9      | Gained mutation: You have supernaturally acute eyesight. (SInv) [potion of mutation]
  7365 | D:9      | Gained mutation: You are resistant to hostile enchantments. (MR+) [potion of mutation]
  7366 | D:9      | Lost mutation: Your flesh is heat resistant. (rF+) [potion of mutation]
  7366 | D:9      | Lost mutation: You are agile. (Dex +2) [potion of mutation]
  7366 | D:9      | Lost mutation: You are resistant to hostile enchantments. (MR+) [potion of mutation]
  7366 | D:9      | Lost mutation: You have supernaturally acute eyesight. (SInv) [potion of mutation]
  7366 | D:9      | Gained mutation: Your mind is acute. (Int +2) [potion of mutation]
  7366 | D:9      | Gained mutation: You are partially covered in yellow scales. (AC +2) [potion of mutation]
  7528 | D:9      | Reached skill level 13 in Axes
  7689 | D:10     | Entered Level 10 of the Dungeon
  7708 | D:10     | Found a staircase to the Lair.
  8305 | D:10     | Found a transporter.
  8322 | D:10     | Noticed a gargoyle
  8328 | D:10     | Killed a gargoyle
  8328 | D:10     | Reached XP level 11. HP: 80/97 MP: 10/10
  8358 | D:10     | Noticed an ogre mage
  8366 | D:10     | Killed an ogre mage
  8366 | D:10     | Reached skill level 14 in Axes
  8373 | D:10     | Got a steaming tin ring
  8549 | D:10     | Found a transporter.
  8594 | D:10     | Noticed a centaur warrior
  8600 | D:10     | Killed a centaur warrior
  8984 | D:11     | Noticed Erolcha
  8993 | D:11     | Killed Erolcha
  8993 | D:11     | Reached skill level 15 in Axes
  9250 | D:11     | You fall through a shaft!
  9258 | D:12     | Reached skill level 10 in Fighting
  9280 | D:12     | Identified the ring "Kaxohem" {*Tele Int+3} (You found it on level 10 of the Dungeon)
  9285 | D:12     | Found a corrupted altar of Lugonu.
  9291 | D:12     | Received a gift from Trog
  9326 | D:12     | Noticed a brown ugly thing
  9338 | D:12     | Killed a brown ugly thing
  9498 | D:12     | Noticed a green ugly thing
  9502 | D:12     | Killed a green ugly thing
  9502 | D:12     | Reached XP level 12. HP: 106/106 MP: 11/11
  9567 | D:12     | Reached skill level 16 in Axes
  9906 | D:12     | Noticed a five-headed hydra
  9910 | D:12     | Killed a seven-headed hydra
  9989 | D:12     | Found an opulent altar of Gozag.
 10011 | D:12     | Noticed a death knight
 10018 | D:12     | Killed a death knight
 10499 | D:5      | Bought a scroll of teleportation for 30 gold pieces
 10499 | D:5      | Bought a scroll of identify for 20 gold pieces
 10499 | D:5      | Bought a scroll of enchant armour for 75 gold pieces
 10954 | D:13     | Noticed Nessos
 10971 | D:13     | Killed Nessos
 10971 | D:13     | Reached skill level 17 in Axes
 11340 | D:13     | Noticed a two-headed ogre
 11346 | D:13     | Killed a two-headed ogre
 11653 | D:14     | Reached XP level 13. HP: 76/116 MP: 12/12
 11674 | D:14     | Reached skill level 15 in Armour
 11724 | D:14     | Got a heavily runed ring mail
 11725 | D:14     | Identified the +0 ring mail of the Empire {MP+9 Int+3 Dex+2} (You found it on level 14 of the Dungeon)
 11789 | D:14     | Reached skill level 18 in Axes
 11795 | D:14     | Received a gift from Trog
 11822 | D:14     | Killed from afar by a wizard

Skill      XL: |  1  2  3  4  5  6  7  8  9 10 11 12 13 |
---------------+----------------------------------------+-----
Axes           | 4 5 6 7 8 10 11 13 15 17 18 | 18.2
Fighting       | 4 5 6 7 8 9 10 11 | 11.8
Armour         | 3 4 5 7 8 11 12 13 14 15 | 15.2
Dodging        | |  2.1
Evocations     | |  0.1

Action                   |  1- 3 |  4- 6 |  7- 9 | 10-12 | 13-15 || total
-------------------------+-------+-------+-------+-------+-------++-------
Melee: Hand axe          |    64 |   117 |   233 |    27 |       ||   441
       Headbutt          |    16 |    20 |    47 |    60 |     5 ||   148
       Executioner's axe |       |       |       |   293 |    35 ||   328
Invok: Berserk           |     2 |     2 |     6 |     5 |     1 ||    16
       Trog's Hand       |       |       |     1 |     6 |     2 ||     9
       Burn Spellbooks   |       |       |       |     2 |       ||     2
       Brothers in Arms  |       |       |       |       |     1 ||     1
Evoke: Wand              |       |       |       |     2 |       ||     2
  Use: Scroll            |       |     2 |    12 |    11 |     1 ||    26
       Potion            |       |       |     5 |     4 |     4 ||    13
 Stab: Sleeping          |     1 |       |       |       |       ||     1
  Eat: Chunk             |       |     9 |     8 |     4 |       ||    21
       Bread ration      |       |       |     2 |     4 |       ||     6
       Meat ration       |       |       |       |     2 |     2 ||     4
Armor: Animal skin       |    13 |       |       |       |       ||    13
       Ring mail         |     1 |     8 |       |       |       ||     9
       Chain mail        |       |    13 |    52 |       |       ||    65
       Plate armour      |       |       |    51 |   258 |    51 ||   360
Dodge: Dodged            |    40 |    52 |    60 |   165 |    19 ||   336
